 Dungeon Crawl Stone Soup version 0.29-a0-334-gb41bcbb86e (webtiles) character file.

Game seed: 16638062900414249650

3855 rageheart7 the Basher (level 9, -4/91 HPs)
             Began as a Deep Dwarf Abyssal Knight on Apr 14, 2022.
             Was a High Priest of Lugonu.
             Slain by an orc warrior
             ... wielding a +0 dire flail
              (16 damage)
             ... on level 9 of the Dungeon.
             The game lasted 00:15:42 (7092 turns).

rageheart7 the Basher (Deep Dwarf Abyssal Knight)   Turns: 7092, Time: 00:15:43

Health: -4/91      AC:  9    Str: 28    XL:     9   Next: 99%
Magic:  9/9        EV: 12    Int: 16    God:    Lugonu [*****.]
Gold:   487        SH:  0    Dex: 13    Spells: 8/8 levels left

rFire   . . .      SeeInvis .   y - +0 morningstar (flame)
rCold   . . .      Faith    .   (no shield)
rNeg    . . .      Spirit   .   s - +3 leather armour of Beloxice {+Inv rElec}
rPois   .          Reflect  .   (no helmet)
rElec   +          Harm     .   o - +0 cloak
rCorr   +          Rampage  .   (no gloves)
Will    .....                   g - +1 pair of boots
Stlth   +.........              (no amulet)
HPRegen 0.00/turn               l - +6 ring of strength
MPRegen 0.11/turn               f - ring of Dishonour {rElec Will- rCorr Int+6}

@: no status effects
A: damage resistance, heal wounds, sense surroundings 2, no regeneration
a: Heal Wounds, Renounce Religion, Evoke Invisibility, Depart the Abyss, Bend
Space, Banish, Corrupt, Enter the Abyss


You were on level 9 of the Dungeon.
You worshipped Lugonu.
Lugonu was extremely pleased with you.
You visited 1 branch of the dungeon, and saw 9 of its levels.
You visited the Abyss 1 time.

You collected 487 gold pieces.

Inventory:

Hand Weapons
 y - a +0 morningstar of flaming (weapon)
Missiles
 b - a throwing net
Armour
 d - a scarf of repulsion
 g - a +1 pair of boots (worn)
 o - a +0 cloak (worn)
 s - the +3 leather armour of Beloxice (worn) {+Inv rElec}
   (You found it on level 7 of the Dungeon)

   rElec:     It insulates you from electricity.
   +Inv:      It lets you turn invisible.
 x - a +0 ring mail of poison resistance
Jewellery
 f - the ring of Dishonour (right hand) {rElec Will- rCorr Int+6}
   (You found it on level 6 of the Dungeon)

   [ring of intelligence]

   Int:       It affects your intelligence (+6).
   rElec:     It insulates you from electricity.
   rCorr:     It protects you from acid and corrosion.
   Will:      It decreases your willpower.
 k - a ring of protection from fire
 l - a +6 ring of strength (left hand)
 q - a ring of poison resistance
Wands
 c - a wand of digging (7)
 m - a wand of polymorph (11)
 p - a wand of flame (44)
 C - a wand of mindburst (13)
Scrolls
 i - 2 scrolls of fog
 j - a scroll of enchant armour
 r - 2 scrolls of teleportation
 t - 2 scrolls of enchant weapon
 u - a scroll of identify
 A - 2 scrolls of vulnerability {unknown}
 B - a scroll of noise {unknown}
Potions
 a - 3 potions of attraction
 e - 3 potions of heal wounds
 h - 4 potions of lignification
 v - 2 potions of cancellation {unknown}
 w - a potion of flight
 z - 2 potions of mutation {unknown}


   Skills:
 + Level 9.3 Fighting
 + Level 9.9 Maces & Flails
 - Level 3.6 Armour
 - Level 3.0 Dodging
 - Level 4.2 Invocations


You had 8 spell levels left.
You didn't know any spells.
Your spell library contained the following spells:

 Spells                   Type           Power      Damage    Failure   Level
 Animate Skeleton         Necr           0%         N/A       28%         1
 Beastly Appendage        Tmut           0%         N/A       28%         1
 Foxfire                  Conj/Fire      0%         2x1d4     28%         1
 Pain                     Necr           0%         1d4       28%         1
 Sting                    Tmut/Pois      0%         1d3       28%         1
 Passwall                 Tmut/Erth      0%         N/A       38%         2
 Wereblood                Tmut           0%         N/A       38%         2
 Conjure Flame            Conj/Fire      0%         6-21      63%         3
 Inner Flame              Hex/Fire       0%         N/A       63%         3
 Spider Form              Tmut/Pois      0%         N/A       63%         3
 Vampiric Draining        Necr           0%         2d6       63%         3
 Flame Wave               Conj/Fire      0%         2d4       95%         4
 Dragon Form              Tmut           0%         N/A       100%        7
 Necromutation            Tmut/Necr      0%         N/A       100%        8


Dungeon Overview and Level Annotations

Branches:
Dungeon (9/15)             Temple (0/1) D:7
   Lair: D:8-11         Orc: D:9-12

Altars:
Cheibriados
Dithmenos
Makhleb
Ru
Trog
Vehumet
Xom

Shops:
D:3 =

Portals:
Bailey: D:9

Annotations:
D:7 2 transporters, sammy202020's ghost, novice DsBe


Innate Abilities, Weirdness & Mutations

You are resistant to damage.
You can heal yourself by infusing magical energy.
You passively map the area around you.
You do not regenerate.


Message History

The orc hits you but does no damage.
The orc warrior hits you with a +0 dire flail!
You closely miss the orc warrior. The orc hits you but does no damage.
The orc warrior hits you with a +0 dire flail.
You sock the orc warrior! You burn the orc warrior.
The orc warrior is moderately wounded.
The orc closely misses you.
The orc warrior hits you with a +0 dire flail!
You hit the orc. You burn the orc.
The orc is heavily wounded.
The orc warrior hits you with a +0 dire flail!
The orc barely misses you.
You barely miss the orc.
The orc is heavily wounded.
The orc misses you.
The orc warrior hits you with a +0 dire flail.
You sock the orc! You burn the orc.
You kill the orc!
Lugonu accepts your kill. The orc warrior closely misses you.
You hit the orc warrior but do no damage.
The orc warrior is moderately wounded.
The orc warrior hits you with a +0 dire flail!
* * * LOW HITPOINT WARNING * * *
You hit the orc warrior. You burn the orc warrior.
The orc warrior is severely wounded.
The orc warrior barely misses you.
You hit the orc warrior. You burn the orc warrior.
The orc warrior is almost dead.
The orc warrior hits you with a +0 dire flail!
* * * LOW HITPOINT WARNING * * *
You barely miss the orc warrior.
The orc warrior is almost dead.
You hear the creaking of a portcullis.
The orc warrior hits you with a +0 dire flail!
* * * LOW HITPOINT WARNING * * *
You hit the orc warrior but do no damage.
The orc warrior is almost dead.
The orc warrior hits you with a +0 dire flail!!
You die...

########################
* *
.......!................
......##.....#..........
,
......##........@).....#
,,
......##........)o..8...
,
......##................
, ,*
..........######.8.....8
** #.........#,
........., , #....<#...#
, ,......... ,
#.........#, .8...∩...
+.........#, ..........
,, , #.........#, , ,, ,
, ,


You could see an orc warrior.

Vanquished Creatures
  Maggie (D:8)
  Grinder (D:3)
  Sigmund (D:2)
  A wyvern (D:8)
  A water moccasin (D:7)
  2 orc warriors
  2 black bears
  3 ice beasts
  2 sky beasts
  An ogre (D:7)
  A centaur (D:9)
  4 bullfrogs
  2 kobold brigands
  2 necrophages
  3 scorpions
  5 killer bees (D:7)
  2 howler monkeys
  Crazy Yiuf (D:3)
  5 orc priests
  A jelly (D:4)
  3 hounds
  Jessica (D:3)
  Ijyb (D:2)
  3 iguanas
  Natasha (twice) (D:3)
  11 orc wizards
  4 gnolls (D:5)
  7 adders
  A shadow imp (D:7)
  A white imp (D:6)
  A dart slug (D:4)
  30 orcs
  10 endoplasms
  7 giant cockroaches
  16 goblins
  4 hobgoblins
  4 jackals (D:4)
  8 quokkas
  11 ball pythons
  2 bats
  2 frilled lizards (D:1)
  17 kobolds
  9 rats
196 creatures vanquished.

Vanquished Creatures (others)
  6 plants (D:7)
6 creatures vanquished.

Grand Total: 202 creatures vanquished

Notes
Turn   | Place    | Note
-------+----------+-------------------------------------------
     0 | Abyss:1  | rageheart7 the Deep Dwarf Abyssal Knight began the quest
                  | for the Orb.
     0 | Abyss:1  | Reached XP level 1. HP: 20/20 MP: 2/2
     0 | D:1      | Escaped the Abyss
   168 | D:1      | Reached ** piety under Lugonu
   181 | D:1      | Reached XP level 2. HP: 14/27 MP: 4/4
   723 | D:1      | Reached XP level 3. HP: 31/33 MP: 5/5
   972 | D:2      | Noticed Ijyb
  1017 | D:2      | Killed Ijyb
  1018 | D:2      | Reached XP level 4. HP: 27/42 MP: 6/6
  1123 | D:2      | Noticed Sigmund
  1133 | D:2      | Killed Sigmund
  1134 | D:2      | Reached XP level 5. HP: 45/49 MP: 5/7
  1243 | D:2      | Identified the +11 short sword of Awkwardness {vorpal,
                  | rElec rF- rC+ rN+}
  1601 | D:3      | Reached *** piety under Lugonu
  1718 | D:3      | Noticed Jessica
  1723 | D:3      | Reached XP level 6. HP: 51/56 MP: 8/8
  1728 | D:3      | Killed Jessica
  1759 | D:3      | Found Qastras's Jewellery Shop.
  1760 | D:3      | Noticed Grinder
  1768 | D:3      | Paralysed by Grinder for 2 turns
  1770 | D:3      | Killed Grinder
  1800 | D:3      | Reached XP level 7. HP: 56/66 MP: 9/9
  1844 | D:3      | Noticed Natasha
  1850 | D:3      | Killed Natasha
  2181 | D:3      | Found a runed translucent door.
  2182 | D:3      | Noticed Crazy Yiuf
  2409 | D:3      | Killed Crazy Yiuf
  2446 | D:3      | Noticed Natasha
  2450 | D:3      | Killed Natasha
  2451 | D:3      | Reached skill level 5 in Fighting
  2451 | D:3      | Reached skill level 5 in Maces & Flails
  2856 | D:4      | Reached **** piety under Lugonu
  3397 | D:4      | Reached XP level 8. HP: 22/76 MP: 10/10
  3687 | D:5      | Entered Level 5 of the Dungeon
  3868 | D:5      | Found a radiant altar of Vehumet.
  3868 | D:5      | Found a shadowy altar of Dithmenos.
  3868 | D:5      | Found a burning altar of Makhleb.
  3868 | D:5      | Found a snail-covered altar of Cheibriados.
  3877 | D:5      | Found a shimmering altar of Xom.
  3882 | D:5      | Found a sacrificial altar of Ru.
  4175 | D:5      | Noticed a moth of wrath
  4178 | D:5      | Found a bloodstained altar of Trog.
  4486 | D:6      | Gained mutation: You passively map the area around you.
                  | [Deep Dwarf growth]
  4486 | D:6      | Reached XP level 9. HP: 40/86 MP: 11/11
  4676 | D:6      | Identified the ring of Dishonour {rElec Will- rCorr Int+6}
  4973 | D:7      | Found a transporter.
  5003 | D:7      | Identified the +3 leather armour of Beloxice {+Inv rElec}
  5040 | D:7      | Identified the +6 trident "Cuzi" {venom, Int+4}
  5040 | D:7      | Identified the +4 kite shield of Zeocew {+Inv}
  5186 | D:7      | Found a staircase to the Ecumenical Temple.
  5342 | D:7      | Found a transporter.
  5345 | D:7      | Noticed sammy202020's ghost (novice DsBe)
  5480 | D:7      | Identified the amulet of Nodghepnoi {RegenMP Regen+ Str+3
                  | Stlth+}
  6241 | D:8      | Reached ***** piety under Lugonu
  6365 | D:8      | Noticed Maggie
  6395 | D:8      | Killed Maggie
  6627 | D:8      | Got Jimiuru's Disquisition on Transformation
  7070 | D:9      | Found a flagged portal.
  7092 | D:9      | Slain by an orc warrior

Illustrated notes

Levels and vault maps discovered:
D:1:      evilmike_arrival_rings, layout_loops_cross
D:2:      kennysheep_the_goblin_king, layout_loops_ring,
          dreamdust_mushroom_princess, minmay_misc_feat_nine_boxes, uniq_sigmund
D:3:      layout_loops_ring, serial_shops, shop, uniq_grinder, uniq_jessica,
          uniq_crazy_yiuf_cottage, uniq_natasha
D:4:      layout_basic
D:5:      layout_cave_pools, minmay_overflow_temple_hex, tgw_trog
D:6:      layout_basic
D:7:      layout_layer_cave, temple_green, gammafunk_ghost_gnarly_gnolls
D:8:      layout_basic, uniq_maggie
D:9:      layout_stronghold, ebering_ghost_reflecting_pool, serial_column_ruins,
          column_ruins_grid_1, column_ruins_grid_1,
          column_ruins_corridor_straight, column_ruins_columns_water,
          column_ruins_grid_4, enter_bailey_6, uniq_grum

Skill      XL: |  1  2  3  4  5  6  7  8  9 |
---------------+----------------------------+-----
Invocations    | 3 4 |  4.2
Fighting       | 3 4 5 7 9 |  9.3
Dodging        | 2 3 |  3.0
Maces & Flails | 3 4 5 7 9 |  9.9
Armour         | 3 |  3.6

Action                   |  1- 3 |  4- 6 |  7- 9 || total
-------------------------+-------+-------+-------++-------
Melee: Mace              |    90 |    15 |       ||   105
       Short sword       |       |    29 |   352 ||   381
       Punch             |       |     1 |     4 ||     5
       Morningstar       |       |       |    72 ||    72
Invok: Depart the Abyss  |     1 |       |       ||     1
 Abil: Heal Wounds       |     1 |     1 |    11 ||    13
  Use: Potion            |       |     1 |    11 ||    12
       Scroll            |       |       |    14 ||    14
Armor: Leather armour    |     7 |       |    94 ||   101
       Ring mail         |    31 |    16 |   114 ||   161
Dodge: Dodged            |    61 |    30 |   300 ||   391

Table legend: (Time is in decaauts)
 A = Elapsed time spent in this place.
 B = Non-inter-level travel time spent in this place.
 C = Inter-level travel time spent in this place.
 D = Time resting spent in this place.
 E = Time spent auto-exploring this place.
 F = Levels seen in this place.
 G = Mean time per level.
                   A        B        C        D        E       F      G
               +--------+--------+--------+--------+--------+-----+--------+
         Total |   7118 |   6744 |    374 |     11 |   4832 |  10 |  711.8 |
       Dungeon |   7118 |   6744 |    374 |     11 |   4832 |   9 |  790.9 |
         Abyss |      0 |      0 |      0 |      0 |      0 |   1 |    0.0 |
               +--------+--------+--------+--------+--------+-----+--------+

Top non-repeatable levels by time:
     D:7: 1186 daAuts
     D:4: 1143 daAuts
     D:3: 1018 daAuts
     D:1: 833 daAuts
     D:2: 753 daAuts
     D:6: 726 daAuts
     D:8: 724 daAuts
     D:5: 507 daAuts
     D:9: 223 daAuts
